 Dungeon Crawl Stone Soup version 0.26.1-2-gb8aa6d0cf2 (webtiles) character file.

Game seed: 8845576418702972158

2 sking99 the Grasshopper (level 1, -3/18 HPs)
             Began as a Palentonga Warper on Feb 20, 2021.
             Slain by an adder (4 damage)
             ... on level 4 of the Dungeon.
             The game lasted 00:00:59 (52 turns).

sking99 the Grasshopper (Palentonga Warper)           Turns: 52, Time: 00:01:00

Health: -3/18      AC:  4    Str: 14    XL:     1   Next: 25%
Magic:  3/3        EV:  9    Int: 13    God:
Gold:   10         SH:  0    Dex:  9    Spells: 4/4 levels left

rFire    . . .     SeeInvis +   a - +0 hand axe
rCold    . . .     Faith    .   (no shield)
rNeg     . . .     Spirit   .   b - +0 leather armour
rPois    .         Reflect  .   (no helmet)
rElec    .         Harm     .   (no cloak)
rCorr    .         Rampage  .   (no gloves)
Will     .....                  (no barding)
Stlth    +.........             (no amulet)
HPRegen  0.06/turn              (no ring)
MPRegen  0.08/turn              (no ring)

@: lethally poisoned (-3 -> -15)
A: large, rugged brown scales 3, see invisible, deformed body, roll 1, armoured
tail
a: Rolling Charge


You were on level 4 of the Dungeon.
You visited 1 branch of the dungeon, and saw 3 of its levels.

You collected 10 gold pieces.

Inventory:

Hand Weapons
 a - a +0 hand axe (weapon)
Missiles
 e - 5 boomerangs of dispersal (quivered)
Armour
 b - a +0 leather armour (worn)
 f - a +0 plate armour
Scrolls
 c - a scroll of teleportation {unknown}
 d - a scroll of blinking


   Skills:
 + Level 2.0 Fighting
 * Level 2.0 Axes
 - Level 0.6 Throwing
 - Level 0.7 Armour
 - Level 1.5 Dodging
 + Level 2.0 Spellcasting
 + Level 3.0 Translocations


You had 4 spell levels left.
You didn't know any spells.
Your spell library contained the following spells:

 Spells                   Type           Power        Failure   Level
 Blink                    Tloc           N/A          14%         2
 Gell's Gravitas          Tloc           4%           28%         3
 Lesser Beckoning         Tloc           4%           28%         3
 Teleport Other           Tloc           9%           28%         3
 Passage of Golubria      Tloc           N/A          67%         4


Dungeon Overview and Level Annotations

Branches:
Dungeon (2/15)

Altars:
Ashenzari


Innate Abilities, Weirdness & Mutations

You are completely covered in rugged brown scales. (AC +3, +7% HP)
You have supernaturally acute eyesight. (SInv)
Armour fits poorly on your strangely shaped body.
You can roll at nearby foes to attack.
You have a long armoured tail.


Message History

The adder poisons you!
You miss the adder.
You feel sick. The adder bites you but does no damage.
You miss the adder. The adder bites you but does no damage.
The adder bites you.
You are more poisoned.
The adder poisons you!
You barely miss the adder.
You feel sick. The adder closely misses you.
You closely miss the adder.
You feel sick. The adder bites you.
You are lethally poisoned!
The adder poisons you! The adder bites you.
* * * LOW HITPOINT WARNING * * *
You closely miss the adder.
* * * LOW HITPOINT WARNING * * *
You feel sick. The adder bites you but does no damage.
You hit the adder but do no damage.
* * * LOW HITPOINT WARNING * * *
You feel sick. The adder bites you.
* * * LOW HITPOINT WARNING * * *
The adder bites you.
You die...

....... #......
#...... #......
#......######
............#
.......S....#
.......@....#
......:$....#
............#
............#
............#
########........
#.........
#.........
##########


You could see an adder.

Vanquished Creatures
  A hobgoblin (D:2)
  A frilled lizard (D:2)
2 creatures vanquished.

Notes
Turn   | Place    | Note
-------+----------+-------------------------------------------
     0 | D:1      | sking99 the Palentonga Warper began the quest for the Orb.
     0 | D:1      | Reached XP level 1. HP: 18/18 MP: 3/3
     7 | D:1      | You fall into a shaft and drop 1 floor!
    24 | D:2      | Found a broken altar of Ashenzari.
    40 | D:2      | You fall into a shaft and drop 2 floors!
    52 | D:4      | Slain by an adder

Illustrated notes

Levels and vault maps discovered:
D:1:      dpeg_arrival_chambers_temple_mockup, layout_rooms, serial_glass,
          glass_columns_a, glass_columns_b, glass_columns_b, glass_columns_b
D:2:      layout_basic, overflow_temple_1_default,
          chequers_ecumenical_altar_twisty, bh_walls_and_bars,
          uniq_crazy_yiuf_cottage, uniq_sigmund
D:4:      layout_basic, makhleb_grotto_becter,
          chequers_temple_overflow_statue_of_worship, serial_shops, shop

Action                   || total
-------------------------++-------
Melee: Hand axe          ||    11
       Tailslap          ||     1
 Abil: Rolling Charge    ||     2
Armor: Leather armour    ||     6
Dodge: Dodged            ||     4
